 Dungeon Crawl Stone Soup version 0.26.1 (webtiles) character file.

Game seed: 18377701629819619272

132 pbellow the Chopper (level 5, -2/46 HPs)
             Began as a Hill Orc Fighter on Feb 5, 2021.
             Was an Initiate of Beogh.
             Killed by divine providence
             ... invoked by an orc priest
              (11 damage)
             ... on level 3 of the Dungeon.
             The game lasted 00:05:45 (2526 turns).

pbellow the Chopper (Hill Orc Fighter)              Turns: 2526, Time: 00:05:45

Health: -2/46      AC:  8    Str: 19 (20) XL:     5   Next: 15%
Magic:  5/5        EV:  7    Int:  6 (8)  God:    Beogh [......]
Gold:   137        SH:  9    Dex: 10      Spells: 4/4 levels left

rFire    . . .     SeeInvis .   a - +0 war axe
rCold    . . .     Faith    .   c - +0 kite shield
rNeg     . . .     Spirit   .   b - +0 scale mail
rPois    .         Reflect  .   o - +0 helmet
rElec    .         Harm     .   (no cloak)
rCorr    .         Rampage  .   (no gloves)
Will     .....                  (no boots)
Stlth    ..........             (no amulet)
HPRegen  0.15/turn              (no ring)
MPRegen  0.09/turn              (no ring)

@: no status effects
A: no striking features
a: Renounce Religion


You were on level 3 of the Dungeon.
You worshipped Beogh.
Beogh was noncommittal.
You visited 1 branch of the dungeon, and saw 3 of its levels.

You collected 137 gold pieces.

Inventory:

Hand Weapons
 a - a +0 war axe (weapon)
Armour
 b - a +0 scale mail (worn)
 c - a +0 kite shield (worn)
 o - a +0 helmet (worn)
Jewellery
 k - an uncursed ring of flight {unknown}
Scrolls
 e - 4 scrolls of immolation {unknown}
 h - a scroll of remove curse {unknown}
 i - a scroll of blinking {unknown}
 j - a scroll of teleportation {unknown}
 l - 3 scrolls of identify {unknown}
 m - a scroll of fog {unknown}
 n - a scroll of magic mapping {unknown}
 p - a scroll of fear {unknown}
 q - a scroll of noise {unknown}
Potions
 d - a potion of might
 r - a potion of curing


   Skills:
 + Level 4.0 Fighting
 + Level 4.8 Axes
 + Level 4.0 Armour
 + Level 0.1 Dodging
 + Level 0.1 Stealth
 + Level 4.2 Shields


You had 4 spell levels left.
You didn't know any spells.
Your spell library was empty.

Dungeon Overview and Level Annotations

Branches:
Dungeon (3/15)

Altars:


Message History

Your shield and scale mail prevent you from hitting the orc wizard.
The orc wizard is almost dead.
The orc wizard hits you with a +0 dagger.
Your shield prevents you from hitting the orc wizard.
The orc wizard is almost dead.
The orc wizard hits you but does no damage.
The orc wizard casts a spell at you. The magic dart hits you!
* * * LOW HITPOINT WARNING * * *
You hit the orc wizard.
You kill the orc wizard!
Beogh accepts your kill.
You feel your strength returning.
You feel your dexterity returning.
You have reached level 5!
You feel stronger.
There is an open door here.
The orc priest invokes the aid of Beogh against you.
Beogh smites you!
You die...
Beogh appreciates the orc priest's killing of a heretic priest.

####)####.....)).##
#.# #######...## #(###
##.....## ####.#.##
##.......##
#...(...####.........#
...........+....<....+
#.##....####.........#
#.......# ##.......##
####.#### ##..@..##
#.# ##...## #.# ##o##
#.# #.# #.# #o# #o#
... ... #....


You could see an orc priest and 2 orcs.

Vanquished Creatures
  An orc wizard (D:3)
  3 adders
  2 worms (D:2)
  A dart slug (D:1)
  3 leopard geckos
  6 orcs (D:3)
  A giant cockroach (D:1)
  8 goblins
  8 hobgoblins
  6 jackals
  4 kobolds
  2 quokkas (D:3)
  2 ball pythons (D:3)
  7 bats
  3 frilled lizards
  3 rats
60 creatures vanquished.

Vanquished Creatures (others)
  A giant cockroach (D:2)
  A goblin (D:2)
2 creatures vanquished.

Grand Total: 62 creatures vanquished

Notes
Turn   | Place    | Note
-------+----------+-------------------------------------------
     0 | D:1      | pbellow the Hill Orc Fighter began the quest for the Orb.
     0 | D:1      | Reached XP level 1. HP: 19/19 MP: 1/1
    86 | D:1      | Reached XP level 2. HP: 27/27 MP: 2/2
   650 | D:2      | Reached XP level 3. HP: 32/33 MP: 3/3
  1090 | D:2      | Reached XP level 4. HP: 39/40 MP: 4/4
  1221 | D:2      | Became a worshipper of Beogh the Brigand
  2524 | D:3      | Reached XP level 5. HP: 8/46 MP: 5/5
  2526 | D:3      | Killed from afar by an orc priest

Illustrated notes

Levels and vault maps discovered:
D:1:      mrwooster_arrival_arrow, layout_rooms
D:2:      layout_basic, minmay_misc_feat_doors
D:3:      layout_loops_corners

Skill      XL: |  1  2  3  4 |
---------------+-------------+-----
Axes           | 3 4 |  4.8
Fighting       | 4 |  4.0
Shields        | 4 |  4.2
Armour         | 4 |  4.0
Dodging        | |  0.1
Stealth        | |  0.1

Action                   |  1- 3 |  4- 6 || total
-------------------------+-------+-------++-------
Melee: War axe           |   118 |   109 ||   227
Invok: Convert to Beogh  |       |     1 ||     1
  Use: Potion            |       |     3 ||     3
 Stab: Distracted        |     1 |       ||     1
Armor: Scale mail        |    55 |    38 ||    93
Dodge: Dodged            |    35 |    30 ||    65
Block: Kite shield       |    59 |    57 ||   116
